cohdb
Replays
Latest Replays
All Replays
Popular Replays
Top Player Replays
Match Explorer
How It Works
Community
CoH3 Stats
Reddit
Sign in to upload your games and track your stats! →
Sign in with Steam
How to rout Kangaroo-man in this version
Match 21510207
Overview
Messages
Build Orders
End
Construct Infanterie Kompanie
Pioneer Squad
Pioneer Squad
Grenadier Squad
Selects Mechanized Battlegroup
MG 42 Machine Gun Team
Construct Panzergrenadier Kompanie
251 Medium Carrier
Panzergrenadier Squad
Panzergrenadier Squad
Panzergrenadier Officer Quarters
Selects Raid Package
Selects StuG Assault Group
Pak 40 Anti-tank Gun Team
Panzergrenadier Squad
Medical Bunker
Construct Panzer Kompanie
Selects UNKNOWN (2160084)
Panther Heavy Tank
Selects Spotting Scopes
Selects Wespe Self-propelled Artillery
Selects Zeroing Artillery Barrage
Panther Heavy Tank
Panzer Officer Quarters
Sturmpanzer IV Brummbär
Zeroing Artillery Barrage
Side Skirts
桂妮薇尔
Grunt
0
0
Comments
sign in to comment!
No comments posted yet!